 Dungeon Crawl Stone Soup version 0.31-a0-590-g8a5a4361df (webtiles) character file.

Game seed: 14848814723602305876

40 nomicflux the Digger (level 3, -4/21 HPs)
             Began as a Gargoyle Earth Elementalist on Aug 19, 2023.
             Slain by Terence
             ... wielding a +0 flail
              (5 damage)
             ... on level 3 of the Dungeon.
             The game lasted 00:02:38 (1507 turns).

nomicflux the Digger (Gargoyle Earth Elementalist)  Turns: 1507, Time: 00:02:40

Health: -4/21      AC:  7    Str: 17    XL:     3   Next: 50%
Magic:  1/6        EV: 11    Int: 17    God:
Gold:   135        SH:  0    Dex: 10    Spells: 6/7 levels left

rFire   . . .        (no weapon)
rCold   . . .        (no shield)
rNeg    + . .        a - +0 robe
rPois   ∞            (no helmet)
rElec   +            (no cloak)
rCorr   .            f - +1 pair of gloves
SInv    .            (no boots)
Will    .....        (no amulet)
Stlth   ++           j - +6 ring of strength
HPRegen 0.23/turn    (no ring)
MPRegen 0.10/turn

%: no passive effects
@: no status effects
A: sickness immunity, AC +3, negative energy resistance 1, electricity
resistance, torment resistance 1, petrification resistance
a: no special abilities


You were on level 3 of the Dungeon.
You visited 1 branch of the dungeon, and saw 3 of its levels.

You collected 135 gold pieces.

Inventory:

Hand Weapons
 i - a +0 dagger
Armour
 a - a +0 robe (worn)
 f - a +1 pair of gloves (worn)
Jewellery
 j - a +6 ring of strength (left hand)
Scrolls
 d - a scroll of immolation {unknown}
 g - 2 scrolls of revelation {unknown}
 k - a scroll of identify {unknown}
 l - a scroll of teleportation {unknown}
Potions
 b - a potion of magic
 c - a potion of lignification {unknown}
 e - a potion of curing {unknown}
 h - a potion of berserk rage {unknown}


   Skills:
 + Level 1.8 Fighting
 - Level 1.5 Dodging
 - Level 2.1 Stealth
 + Level 2.5 Spellcasting
 - Level 0.7 Transmutations
 + Level 4.2 Earth Magic


You had 6 spell levels left.
You knew the following spells:

 Your Spells              Type           Power      Damage    Failure   Level
a - Sandblast             Erth           32%        2d9       3%          1

Your spell library contained the following spells:

 Spells                   Type           Power      Damage    Failure   Level
 Passwall                 Tmut/Erth      8%         N/A       10%         2
 Stone Arrow              Conj/Erth      18%        3d8       22%         3
 Petrify                  Tmut/Erth      10%        N/A       54%         4


Dungeon Overview and Level Annotations

Branches:
Dungeon (3/15)

Altars:

Shops:
D:1 [

Annotations:
D:3 Terence


Innate Abilities, Weirdness & Mutations

You are immune to sickness and miasma.
Your stone body is resilient. (AC +3)
You are immune to poison.
You resist negative energy. (rN+)
You are resistant to electric shocks. (rElec)
You are resistant to unholy torment.
You are immune to petrification.


Message History

Confirm with . or Enter, or press ? or * to list all spells.
Aiming: Sandblast (safe; 3% risk of failure)
Press: ? - help, Shift-Dir - straight line, f/p - Terence
Aim: Terence, wielding a +0 flail and wearing a +0 scale mail (84% to hit)
The blast of sand hits Terence.
Terence is lightly wounded.
Terence closely misses you.
Unknown command.
Terence attacks as you move away! Terence closely misses you.
Terence says, "Don't bother to defend, it's pointless."
Terence attacks as you move away! Terence barely misses you.
Terence attacks as you move away! Terence hits you with a +0 flail!
* * * LOW HITPOINT WARNING * * *
Your magical contamination has completely faded away.
Casting: Sandblast (safe; 3% risk of failure)
Confirm with . or Enter, or press ? or * to list all spells.
Aiming: Sandblast (safe; 3% risk of failure)
Press: ? - help, Shift-Dir - straight line, f/p - Terence
Aim: Terence, wielding a +0 flail and wearing a +0 scale mail (lightly wounded, 84% to hit)
The blast of sand hits Terence!
Terence is heavily wounded.
Terence closely misses you. Terence barely misses you.
Casting: Sandblast (safe; 3% risk of failure)
Confirm with . or Enter, or press ? or * to list all spells.
Aiming: Sandblast (safe; 3% risk of failure)
Press: ? - help, Shift-Dir - straight line, f/p - Terence
Aim: Terence, wielding a +0 flail and wearing a +0 scale mail (heavily wounded, 84% to hit)
The blast of sand hits Terence but does no damage.
Terence is heavily wounded.
Terence hits you with a +0 flail.
* * * LOW HITPOINT WARNING * * *
Casting: Sandblast (safe; 3% risk of failure)
Confirm with . or Enter, or press ? or * to list all spells.
Aiming: Sandblast (safe; 3% risk of failure)
Press: ? - help, Shift-Dir - straight line, f/p - Terence
Aim: Terence, wielding a +0 flail and wearing a +0 scale mail (heavily wounded, 84% to hit)
The blast of sand hits Terence but does no damage.
Terence is heavily wounded.
Terence barely misses you. Terence hits you with a +0 flail.
You die...

#.#..###....@..
.......#.......
#..........?
###.#.......
#.#.......
#.#.......
#.######## #@#
#@# #<# ###


You could see Terence.

Vanquished Creatures
  5 dart slugs
  4 bats (D:1)
  An endoplasm (D:1)
  3 giant cockroaches
  3 hobgoblins
  A quokka (D:2)
  2 ball pythons (D:1)
  2 frilled lizards
  2 goblins
  2 kobolds
  4 rats
29 creatures vanquished.

Notes
Turn   | Place    | Note
-------+----------+-------------------------------------------
     0 | D:1      | nomicflux the Gargoyle Earth Elementalist began the quest
                  | for the Orb.
     0 | D:1      | Reached XP level 1. HP: 10/10 MP: 3/3
   288 | D:1      | Reached XP level 2. HP: 16/16 MP: 3/5
   331 | D:1      | Reached skill level 1 in Fighting
   501 | D:1      | Reached skill level 4 in Earth Magic
   565 | D:1      | Found Son Syu's Antique Armour Boutique.
   787 | D:1      | Reached XP level 3. HP: 17/20 MP: 0/6
  1475 | D:3      | Noticed Terence
  1503 | D:3      | HP: 1/21 [Terence/+0 flail (7)]
  1507 | D:3      | Slain by Terence

Illustrated notes

Levels and vault maps discovered:
D:1:      dpeg_arrival_rhombi, layout_basic, serial_shops,
          nicolae_shop_statue_plus, minmay_misc_feat_columns, minmay_liquid_box
D:2:      layout_rooms
D:3:      minmay_inner_zag, layout_basic, mainiacjoe_overflow_six_doors_small,
          nicolae_twisty_statue_hallways, uniq_terence

Skill      XL: |  1  2 |
---------------+-------+-----
Fighting       | 1 |  1.8
Earth Magic    | 4 |  4.2
Dodging        | |  1.5
Stealth        | |  2.1
Spellcasting   | |  2.5
Transmutations | |  0.7

Action                     || total
---------------------------++-------
   Cast: Sandblast         ||    44
 Armour: Robe              ||     9
  Dodge: Dodged            ||     8

Table legend: (Time is in decaauts)
 A = Elapsed time spent in this place.
 B = Non-inter-level travel time spent in this place.
 C = Inter-level travel time spent in this place.
 D = Time resting spent in this place.
 E = Time spent auto-exploring this place.
 F = Levels seen in this place.
 G = Mean time per level.
                   A        B        C        D        E       F      G
               +--------+--------+--------+--------+--------+-----+--------+
         Total |   1528 |   1491 |     37 |    134 |   1152 |   3 |  509.3 |
       Dungeon |   1528 |   1491 |     37 |    134 |   1152 |   3 |  509.3 |
               +--------+--------+--------+--------+--------+-----+--------+

Top non-repeatable levels by time:
     D:1: 1097 daAuts
     D:2: 390 daAuts
     D:3: 40 daAuts
